 Dungeon Crawl Stone Soup version 0.30.1-3-gfc49f6343a (webtiles) character file.

Game seed: 10875926153630049717

37 Babbit the Shield-Bearer (level 3, -3/33 HPs)
             Began as a Minotaur Fighter on Aug 9, 2023.
             Slain by Sigmund
             ... wielding a +0 scythe
              (6 damage)
             ... on level 2 of the Dungeon.
             The game lasted 00:03:01 (1428 turns).

Babbit the Shield-Bearer (Minotaur Fighter)         Turns: 1428, Time: 00:03:02

Health: -3/33      AC:  7    Str: 22    XL:     3   Next: 21%
Magic:  2/2        EV:  9    Int:  5    God:
Gold:   102        SH:  0    Dex:  9    Spells: 2/2 levels left

rFire   . . .        a - +0 war axe
rCold   . . .        (no shield)
rNeg    . . .        b - +0 scale mail
rPois   .            (helmet restricted)
rElec   .            (no cloak)
rCorr   .            (no gloves)
SInv    .            (no boots)
Will    .....        (no amulet) Stlth
                     (no ring)
HPRegen 0.25/turn    (no ring)
MPRegen 0.08/turn

%: no passive effects
@: confused
A: horns 2, retaliatory headbutt
a: no special abilities


You were on level 2 of the Dungeon.
You visited 1 branch of the dungeon, and saw 2 of its levels.

You collected 102 gold pieces.

Inventory:

Hand Weapons
 a - a +0 war axe (weapon)
Armour
 b - a +0 scale mail (worn)
 c - a +0 buckler
 i - a +0 kite shield
Scrolls
 f - 2 scrolls of identify {unknown}
 h - a scroll of butterflies {unknown}
 l - a scroll of fog {unknown}
Potions
 d - a potion of might
 e - a potion of heal wounds {unknown}
 g - a potion of brilliance {unknown}
 j - a potion of invisibility {unknown}
 k - 2 potions of degeneration {unknown}


   Skills:
 + Level 4.2 Fighting
 + Level 2.7 Axes
 + Level 4.0 Armour
 + Level 4.3 Shields


You had 2 spell levels left.
You didn't know any spells.
Your spell library contained the following spells:

 Spells                   Type           Power      Damage    Failure   Level
 Blink                    Tloc           0%         N/A       90%         2
 Lesser Beckoning         Tloc           0%         N/A       90%         2
 Momentum Strike          Conj/Tloc      0%         3d8       90%         2


Dungeon Overview and Level Annotations

Branches:
Dungeon (2/15)

Altars:

Annotations:
D:2 Sigmund


Innate Abilities, Weirdness & Mutations

You have a pair of horns on your head.
You reflexively headbutt those who attack you in melee.


Message History

There is an open door here.
You hit the kobold.
You kill the kobold!
Sigmund hits you but does no damage.
Sigmund zaps a wand.
The bolt of dispelling energy hits you but does no damage.
You hit Sigmund. You headbutt Sigmund!
Sigmund is severely wounded.
Sigmund casts a spell at you.
You are confused.
Sigmund barely misses you.
Okay, then.
You bump into the rock wall.
Sigmund attacks as you move away! Sigmund hits you with a +0 scythe!
Sigmund barely misses you.
There is an open door here.
You're too confused to move!
Sigmund hits you from afar with a +0 scythe.
You see here a +0 dagger.
You bump into the rock wall.
Sigmund zaps a wand.
The bolt of dispelling energy hits you!
Your magical effects are unravelling.
* * * LOW HITPOINT WARNING * * *
You feel less confused. Sigmund casts a spell at you.
You are confused.
There is an open door here.
You bump into the rock wall.
Sigmund mumbles some strange words.
Sigmund flickers and vanishes!
Deactivating autopickup; reactivate with Ctrl-A.
You're too confused to move!
You feel less confused. Something hits you!
* * * LOW HITPOINT WARNING * * *
You miss something.
You hear some strange, mumbled words.
You are confused.
You bump into the rock wall.
Something hits you.
You die...

....... ..#
#.......<
######+##
..#
########.
#.# #.
###.# #.
##.#.# #.
##..#.# #.
##..)'.# #.
#....#{#
###.
#....@#@#
#...
#....##.#
#.## +...#
#.# #.#
#..####.#
#.#
#.###.#.#
#.##
####..#.#
#######...
##...'.##
#.........
##....#..#
#.########
##.....#..#
#.# #


There were no monsters in sight!

Vanquished Creatures
  2 dart slugs
  3 ball pythons (D:2)
  2 endoplasms
  A giant cockroach (D:2)
  4 goblins
  3 hobgoblins
  5 quokkas
  2 bats
  A frilled lizard (D:1)
  4 kobolds
  3 rats
30 creatures vanquished.

Notes
Turn   | Place    | Note
-------+----------+-------------------------------------------
     0 | D:1      | Babbit the Minotaur Fighter began the quest for the Orb.
     0 | D:1      | Reached XP level 1. HP: 19/19 MP: 0/0
   243 | D:1      | Reached XP level 2. HP: 27/27 MP: 1/1
  1094 | D:2      | Reached XP level 3. HP: 32/33 MP: 2/2
  1410 | D:2      | Noticed Sigmund
  1428 | D:2      | Slain by Sigmund

Illustrated notes

Levels and vault maps discovered:
D:1:      lemuel_arrival_room, layout_basic, minmay_misc_feat_roman
D:2:      layout_loops_ring, minmay_quadrilaterals, uniq_sigmund

Skill      XL: |  1  2 |
---------------+-------+-----
Fighting       | 4 |  4.2
Shields        | 4 |  4.3
Armour         | 4 |  4.0
Axes           | |  2.7

Action                     || total
---------------------------++-------
  Melee: War axe           ||    68
         Headbutt          ||    12
 Armour: Scale mail        ||    36
  Dodge: Dodged            ||    38
  Block: Buckler           ||     6
